 Dungeon Crawl Stone Soup version 0.17-a0-649-g87edefa (webtiles) character file.

74 laxity the Insei (level 4, 0/28 HPs)
             Began as an Octopode Transmuter on Apr 17, 2015.
             Slain by an orc (5 damage)
             ... on level 4 of the Dungeon.
             The game lasted 00:04:35 (3635 turns).

laxity the Insei (Octopode Transmuter)              Turns: 3635, Time: 00:04:35

Health: 0/28       AC:  1    Str:  9    XL:     4   Next: 30%
Magic:  7/7        EV: 12    Int: 16    God:
Gold:   171        SH:  0    Dex: 12    Spells: 2 memorised, 3 levels left

rFire  . . .     SeeInvis .       - Unarmed
rCold  . . .     Clarity  .     (no shield)
rNeg   . . .     SustAb   .     (helmet restricted)
rPois  +         Gourm    .     m - amulet of inaccuracy (curse)
rElec  .         Spirit   .     p - ring of poison resistance
rCorr  .         Warding  .     (no ring)
rMut   .         Stasis   .     (no ring)
MR     .....                    (no ring)
Stlth  ++........               (no ring)
                                (no ring)
                                (no ring)
                                (no ring)

@: appendage (expiring), very slightly contaminated, invisible, not resistant to
hostile enchantments, unstealthy
A: almost no armour, amphibious, 8 rings, constrict 8, tentacle spike 3,
camouflage 1, gelatinous body 1
a: End Transformation


You were on level 4 of the Dungeon.
You were hungry.
One of your tentacles had a temporary spike.
You visited 1 branch of the dungeon, and saw 4 of its levels.

You collected 171 gold pieces.

Inventory:

Missiles
 b - 58 arrows
Jewellery
 m - a cursed amulet of inaccuracy (around mantle)
 p - a ring of poison resistance (left tentacle)
Scrolls
 i - a scroll of amnesia
 o - a scroll of teleportation
 q - a scroll of enchant armour
Potions
 c - a potion of ambrosia {unknown}
 e - a potion of restore abilities {unknown}
 g - 5 potions of curing {unknown}
 j - 2 potions of heal wounds {unknown}
 k - 2 potions of magic {unknown}
 l - 2 potions of invisibility
Books
 d - a book of Changes

   Spells                             Type                      Level
   a - Beastly Appendage              Transmutation                1
   b - Sticks to Snakes               Transmutation                2
   c - Spider Form                    Transmutation/Poison         3
   d - Ice Form                       Ice/Transmutation            4
   e - Blade Hands                    Transmutation                5
Comestibles
 a - 2 bread rations
 f - a chunk of flesh
 h - a royal jelly
 n - 2 beef jerkies
 r - a meat ration


   Skills:
 - Level 1.0 Fighting
 - Level 2.0 Dodging
 + Level 5.0 Unarmed Combat
 - Level 2.0 Spellcasting
 - Level 2.0 Transmutations


You had 3 spell levels left.
You knew the following spells:

 Your Spells              Type           Power        Failure   Level  Hunger
a - Beastly Appendage     Trmt           #.....       10%         1    #......
b - Spider Form           Trmt/Pois      #.........   38%         3    ###....


Dungeon Overview and Level Annotations

Branches:
Dungeon (4/15)
 Temple: D:4-7

Altars:


Innate Abilities, Weirdness & Mutations

You cannot wear most types of armour.
You are amphibious.
You can wear up to eight rings at the same time.
You can use your tentacles to constrict eight enemies at once.
Your skin changes colour to match your surroundings (Stealth).
Your rubbery body absorbs attacks (AC +1).
One of your tentacles bears a large vicious spike.


Message History

The orc wizard flickers and vanishes!
Deactivating autopickup; reactivate with Ctrl-A.
The orc hits you.
There is a stone staircase leading down here.
The orc priest invokes the aid of Beogh against you.
Something smites you! The adder bites you.
* * * LOW HITPOINT WARNING * * *
You climb downwards.
Found a stone staircase leading down.
There is a stone staircase leading up here.
Drink which item? (? for menu, Esc to quit)
It was a potion of invisibility.
You fade into invisibility!
The adder bites you.
* * * LOW HITPOINT WARNING * * *
The orc closely misses you.
You are very lightly contaminated with residual magic.
You closely miss the adder. Your grab misses the adder.
Your squeeze misses the adder. The adder closely misses you. The orc hits you.
You die...

# #. #.. #
#...#####.###
#.....>....#
#...S@..#
#..##o#.# #
#.# .. #.#
#.# ... # ###


You could see an adder and an orc.

Vanquished Creatures
  An adder (D:2)
  An ooze (D:3)
  2 orcs (D:3)
  3 ball pythons
  9 bats
  5 goblins
  10 hobgoblins
  4 jackals (D:2)
  5 kobolds
  A quokka (D:2)
  3 giant cockroaches
  A giant gecko (D:2)
  3 giant newts
  3 rats
51 creatures vanquished.

Notes
Turn   | Place    | Note
--------------------------------------------------------------
     0 | D:1      | laxity, the Octopode Transmuter, began the quest for the Orb.
     0 | D:1      | Reached XP level 1. HP: 13/13 MP: 3/3
   231 | D:1      | Reached XP level 2. HP: 12/18 MP: 5/5
   473 | D:1      | You fall through a shaft!
   836 | D:2      | Reached skill level 4 in Unarmed Combat
  1088 | D:2      | Reached XP level 3. HP: 19/23 MP: 6/6
  1097 | D:2      | Learned a level 3 spell: Spider Form
  3236 | D:2      | Reached XP level 4. HP: 10/28 MP: 7/7
  3604 | D:3      | Reached skill level 5 in Unarmed Combat
  3635 | D:4      | Slain by an orc

Action                   |  1- 3 |  4- 6 || total
-------------------------+-------+-------++-------
Melee: Unarmed           |   162 |    20 ||   182
 Cast: Beastly Appendage |     1 |     1 ||     2
  Use: Scroll            |     5 |       ||     5
       Potion            |       |     1 ||     1
 Stab: Sleeping          |     3 |       ||     3
  Eat: Chunk             |     7 |     1 ||     8
